Map: Polka LE

Players

Guinness

  • Race: Terran Terran

Hoorly

  • Race: Zerg Zerg
  • League: Diamond

Massa - Winner!

  • Race: Terran Terran
  • League: Platinum

qqq - Winner!

  • Race: Zerg Zerg

VOD

Have the link to the VOD?

Description

Time

  • Played on: April 26, 2021, 11:32 a.m.
  • Length: 3:28
Show
View Real Time Build Order
Export as new Build Order

Guinness Terran 

Build Orders:  

Get SALT Encoding   

  12  0:00  SCV  
  13  0:12  SCV  
  14  0:23  Supply Depot  
  14  0:24  SCV  
  15  0:29  Refinery  
  15  0:45  SCV  
  15  0:47  Barracks  
  16  0:56  Refinery  
  16  0:57  SCV  
  17  1:09  SCV  
  18  1:21  SCV  
  19  1:33  SCV  
  19  1:39  Factory  
  20  1:40  Barracks Reactor  
  20  1:45  SCV  
  21  1:57  SCV  
  22  2:09  SCV  
  23  2:22  Command Center  
  23  2:28  Supply Depot  
  23  2:38  Orbital Command  
  22  2:55  Supply Depot  
  22  2:57  Hellion  
Show
View Real Time Build Order
Export as new Build Order

Hoorly Zerg 

Build Orders: Hatch First 

Get SALT Encoding   

  12  0:01  Drone  
  13  0:12  Overlord  
  13  0:17  Drone  
  14  0:30  Drone  
  14  0:31  Drone  
  14  0:35  Drone  
  17  0:54  Hatchery  
  17  0:57  Drone  
  17  0:59  Drone  
  18  1:11  Extractor  
  17  1:15  Spawning Pool  
  17  1:17  Drone  
  17  1:36  Drone x2  
  19  1:49  Hatchery  
  19  1:53  Drone  
  19  2:00  Overlord  
  19  2:11  Drone x2  
  19  2:12  Drone  
  22  2:19  Queen  
  24  2:25  Queen  
  26  2:48  Zergling x6  
  26  2:49  Zergling x6  
  32  2:54  Spine Crawler  
Show
View Real Time Build Order
Export as new Build Order

Massa Terran - Winner!

Build Orders: Reaper Expand 

Get SALT Encoding   

  12  0:00  SCV  
  13  0:12  SCV  
  14  0:23  Supply Depot  
  14  0:24  SCV  
  15  0:45  SCV  
  15  0:46  Barracks  
  16  0:50  Supply Depot  
  16  0:56  Refinery  
  17  0:57  SCV  
  17  1:09  SCV  
  18  1:21  SCV  
  19  1:33  Orbital Command  
  19  1:40  Reaper  
  20  1:49  Command Center  
  20  1:59  SCV  
  21  2:18  Factory  
  21  2:21  SCV  
  22  2:33  SCV  
  23  2:40  Barracks Reactor  
  23  3:01  SCV  
  23  3:13  Refinery, SCV  
  24  3:23  Starport  
  24  3:26  Barracks Tech Lab  
Show
View Real Time Build Order
Export as new Build Order

qqq Zerg - Winner!

Build Orders: Pool First 

Get SALT Encoding   

  12  0:18  Spawning Pool  
  11  0:21  Drone  
  11  0:25  Drone  
  13  0:30  Drone  
  14  0:36  Extractor  
  14  0:40  Drone  
  14  0:59  Overlord  
  14  1:17  Queen  
  16  1:18  Zergling x4  
  16  1:19  Zergling x2  
  19  1:42  Zergling x4  
  19  1:46  Metabolic Boost  
  21  2:00  Zergling x2  
  22  2:11  Overlord  
  22  2:27  Hatchery, Zergling x2  
  23  2:30  Zergling x2  
  24  2:37  Zergling x2  
  24  2:38  Zergling x2  
  25  2:54  Zergling x4  
  27  3:01  Zergling x2  
  28  3:10  Zergling x2  
Tags
 
Add a new tag
Caveats
  • Supply blocks, unpowered buildings, or Contaminate may cause inaccurate times.
  • Supply counts are checked every 10 seconds.